 Dungeon Crawl Stone Soup version 0.27-a0-836-gfc908b8576 (webtiles) character file.

Game seed: 16581429655503502596

9879 robertstho the Thaumaturge (level 11, -2/78 HPs)
             Began as a Djinni Ice Elementalist on Mar 31, 2021.
             Was an Initiate of Gozag.
             Slain by an orc warrior
             ... wielding a +1 halberd of protection
              (19 damage)
             ... on level 11 of the Dungeon.
             The game lasted 00:22:13 (15437 turns).

robertstho the Thaumaturge (DjIE)                  Turns: 15437, Time: 00:22:17

Health: -2/78      AC: 11    Str:  7    XL:     11   Next: 53%
Gold:   1164       EV: 13    Int: 20    God:    Gozag SH:  0 Dex: 14

rFire    + + .     SeeInvis +   E - +4 halberd
rCold    x . .     Faith    .   (shield currently unavailable)
rNeg     . . .     Spirit   .   v - +2 robe
rPois    ∞         Reflect  .   p - +0 helmet
rElec    .         Harm     .   (no cloak)
rCorr    .         Rampage  .   u - +1 pair of gloves
Will     ++...                  (boots unavailable)
Stlth    ++........             d - amulet of the acrobat
HPRegen  0.23/turn              B - ring of Utuet {+Fly Will+ SInv}
MPRegen  0.00/turn              b - +4 ring of protection

@: gold aura, flying
A: fire resistance 2, cold vulnerability 1, float, innate caster, hp casting,
extra vitality 1
a: Renounce Religion, Potion Petition, Call Merchant, Bribe Branch


You were on level 11 of the Dungeon.
You worshipped Gozag.
Gozag was most pleased with you.
You visited 1 branch of the dungeon, and saw 11 of its levels.

You collected 1855 gold pieces.
You spent 661 gold pieces at shops.
You paid 30 gold pieces to Gozag.

Inventory:

Hand Weapons
 c - a +0 flail of holy wrath
 E - a +4 halberd (weapon)
Armour
 p - a +0 helmet (worn)
 u - a +1 pair of gloves (worn)
 v - a +2 robe (worn)
Jewellery
 b - a +4 ring of protection (right hand)
 d - an amulet of the acrobat (around neck)
 l - a ring of protection from fire
 y - a ring of resist corrosion
 B - the ring of Utuet (left hand) {+Fly Will+ SInv}
   (You found it on level 8 of the Dungeon)

   [ring of flight]

   It lets you see invisible.
   It grants you flight.
   It increases your willpower.
 D - a ring of protection from fire
 G - a +6 ring of strength
Wands
 A - a wand of iceblast (10)
Scrolls
 f - 2 scrolls of teleportation
 h - a scroll of summoning {unknown}
 i - 3 scrolls of brand weapon {unknown}
 j - 2 scrolls of magic mapping {unknown}
 n - a scroll of fog {unknown}
 o - 2 scrolls of amnesia {unknown}
 r - a scroll of fear {unknown}
 s - a scroll of blinking
 t - 2 scrolls of enchant weapon {unknown}
 w - 3 scrolls of vulnerability
 x - a scroll of identify
Potions
 a - a potion of heal wounds
 e - 5 potions of curing
 g - a potion of ambrosia {unknown}
 k - 2 potions of might
 m - 2 potions of haste
 q - 2 potions of resistance
 z - 3 potions of attraction
 C - a potion of berserk rage {unknown}
 F - 3 potions of mutation {unknown}


   Skills:
 * Level 6.8 Fighting
 + Level 3.1 Maces & Flails
 + Level 3.9 Polearms
 + Level 4.6 Dodging
 + Level 3.7 Stealth
 * Level 12.2 Spellcasting


You had 6 spell levels left.
You knew the following spells:

 Your Spells              Type           Power      Damage    Failure   Level
a - Freeze                Ice            100%       1d11      1%          1
b - Frozen Ramparts       Ice            100%       1d12      1%          3
c - Ozocubu's Armour      Ice            57%        N/A       1%          3
d - Hailstorm             Conj/Ice       57%        3d12      1%          4
e - Summon Ice Beast      Ice/Summ       57%        N/A       1%          4
f - Shock                 Conj/Air       100%       1d9       1%          1
g - Blink                 Tloc           N/A        N/A       1%          2
h - Ensorcelled Hibernat  Hex/Ice        100%       N/A       1%          2
i - Lesser Beckoning      Tloc           28%        N/A       1%          3
j - Bolt of Magma         Conj/Fire/Erth 28%        4d13      1%          5
Your spell library was empty.

Dungeon Overview and Level Annotations

Branches:
Dungeon (11/15)            Temple (0/1) D:7            Lair (0/6) D:9
    Orc (0/2) D:11

Altars:
Cheibriados
Elyvilon
Fedhas
Gozag
Hepliaklqana
Kikubaaqudgha
Makhleb
Wu Jian
Yredelemnul
Zin
The Shining One
Beogh

Shops:
D:2 =   D:5 !   D:9 [

Annotations:
D:5 Potion shop
D:7 2 transporters, Dittersdorf's ghost, amateur GrFi


Innate Abilities, Weirdness & Mutations

You are immune to poison.
Your flesh is very heat resistant. (rF++)
You are vulnerable to cold. (rC-)
You float through the air rather than walking.
You learn spells naturally, not from books.
Your magical power is your life essence.
You have superior vitality. (+4 HP)


Message History

The hail pelts the orc warrior!!
The orc warrior is severely wounded.
The orc warrior becomes distracted by the nearby gold, dreaming of imaginary riches.
An orc comes into view. It is wielding a +0 mace.
An orc comes into view. It is wielding a +0 flail.
The orc becomes distracted by the nearby gold, dreaming of imaginary riches. x2
The orc becomes distracted by the nearby gold, dreaming of imaginary riches.
An orc comes into view. It is wielding a +0 trident of flaming.
The orc becomes distracted by the nearby gold, dreaming of imaginary riches.
The orc shouts! x4; You hear a shout! x2
The orc is no longer distracted by gold.
The orc becomes distracted by the nearby gold, dreaming of imaginary riches.
Casting: Hailstorm (safe; 1% risk of failure)
Confirm with . or Enter, or press ? or * to list all spells.
Casting: Hailstorm (safe; 1% risk of failure)
Press: ? - help, Dir - look around, f - activate A cannonade of hail descends around you!
The hail pelts the orc warrior!
The orc warrior is heavily wounded.
The hail pelts the orc warrior!
You kill the orc warrior!
The orc shouts!
The wall freezes the orc warrior.
The orc warrior hits you from afar with a +1 halberd of protection!
* * * LOW HITPOINT WARNING * * *
Casting: Hailstorm (safe; 1% risk of failure)
Confirm with . or Enter, or press ? or * to list all spells.
Casting: Hailstorm (safe; 1% risk of failure)
Press: ? - help, Dir - look around, f - activate A cannonade of hail descends around you!
The hail pelts the orc warrior!
The orc warrior is almost dead.
The hail pelts the orc!!
You kill the orc!
* * * LOW HITPOINT WARNING * * *
The frozen ramparts melt away.
The orc is no longer distracted by gold. x4
The orc warrior hits you from afar with a +1 halberd of protection!!
You die...
Your body crumbles into a pile of gold.

#.#....###.###.####.#≈≈≈≈≈
#.####..........# #.≈≈≈≈≈≈
##.####.####.....#
#≈≈≈≈≈≈≈ #.......# #.....#
≈≈≈≈≈≈≈≈
######..####.....#
#...........#
#.####......# #.#
###....(# ### #@......#
#.#####.# .8o# # ..oo$.
..⌠..8.. ...oo#...
..o..#... >._.8#....


You could see an orc warrior and 5 orcs.

Vanquished Creatures
  2 two-headed ogres
  A troll (D:9)
  A hornet (D:9)
  14 yaks
  A shadow (D:10)
  A vampire (D:10)
  A wraith (D:9)
  An acid dragon (D:9)
  3 orc warriors
  2 sky beasts (D:6)
  2 black bears
  3 necrophages
  2 centaurs
  4 ogres
  3 scorpions
  3 gnoll sergeants
  3 killer bees (D:10)
  7 wights
  A howler monkey (D:4)
  3 centaur zombies
  2 hounds
  2 jellies
  6 orc priests
  2 iguanas
  6 orc wizards
  A scorpion zombie (D:5)
  A hound zombie (D:5)
  A howler monkey zombie (D:8)
  16 gnolls
  A howler monkey skeleton (D:10)
  9 adders
  A shadow imp (D:6)
  An ufetubus (D:5)
  3 worms
  3 dart slugs (D:1)
  24 orcs
  6 endoplasms
  5 giant cockroaches
  6 goblins
  9 hobgoblins
  12 jackals
  7 kobolds
  2 quokkas
  5 ball pythons
  5 bats
  2 frilled lizards
  7 rats
203 creatures vanquished.

Vanquished Creatures (collateral kills)
  2 two-headed ogres
  5 yaks
  A water moccasin (D:9)
  A hornet zombie (D:9)
  4 necrophages
  A sky beast (D:7)
  3 bullfrogs
  2 wights
  A howler monkey (D:9)
  2 centaur zombies (D:9)
  A jelly (D:8)
  2 howler monkey zombies
  A worm (D:8)
26 creatures vanquished.

Vanquished Creatures (others)
  A deep elf pyromancer (D:11)
  3 bushes (D:9)
  13 plants (D:9)
17 creatures vanquished.

Grand Total: 246 creatures vanquished

Notes
Turn   | Place    | Note
-------+----------+-------------------------------------------
     0 | D:1      | robertstho the Djinni Ice Elementalist began the quest for
                  | the Orb.
     0 | D:1      | Reached XP level 1. HP: 15/15 MP: 0/0
   341 | D:2      | Reached XP level 2. HP: 21/21 MP: 0/0
   412 | D:2      | Reached skill level 4 in Spellcasting
  1269 | D:2      | Found Wiorphul's Jewellery Emporium.
  1569 | D:2      | Reached XP level 3. HP: 20/26 MP: 0/0
  1569 | D:2      | Learned a level 1 spell: Shock
  2125 | D:2      | Found a basalt altar of Yredelemnul.
  2222 | D:2      | Found an ornate altar of the Wu Jian Council.
  2229 | D:2      | Found a glowing golden altar of the Shining One.
  2877 | D:1      | Reached XP level 4. HP: 31/31 MP: 0/0
  3513 | D:3      | Noticed a scorpion
  3518 | D:3      | Killed a scorpion
  3519 | D:3      | Reached skill level 1 in Fighting
  3519 | D:3      | Reached skill level 1 in Maces & Flails
  3519 | D:3      | Reached XP level 5. HP: 10/37 MP: 0/0
  3519 | D:3      | Learned a level 2 spell: Blink
  4146 | D:3      | Found a hazy altar of Hepliaklqana.
  4574 | D:3      | Found a glowing silver altar of Zin.
  4575 | D:3      | Found an opulent altar of Gozag.
  4616 | D:3      | Became a worshipper of Gozag Ym Sagoz the Greedy
  4763 | D:4      | Noticed a necrophage
  4778 | D:4      | Killed a necrophage
  4779 | D:4      | Reached skill level 5 in Spellcasting
  4779 | D:4      | Reached XP level 6. HP: 17/43 MP: 0/0
  5385 | D:4      | Reached XP level 7. HP: 41/49 MP: 0/0
  5385 | D:4      | Learned a level 2 spell: Ensorcelled Hibernation
  5917 | D:5      | Entered Level 5 of the Dungeon
  5937 | D:5      | Reached skill level 6 in Spellcasting
  6003 | D:5      | Found a white marble altar of Elyvilon.
  6186 | D:5      | Found Simm's Distillery.
  6190 | D:5      | Bought a potion of might for 52 gold pieces
  6190 | D:5      | Bought a potion of curing for 39 gold pieces
  6190 | D:5      | Bought a potion of resistance for 130 gold pieces
  6190 | D:5      | Bought a potion of degeneration for 13 gold pieces
  6190 | D:5      | Bought a potion of heal wounds for 65 gold pieces
  6360 | D:5      | Found a burning altar of Makhleb.
  6361 | D:5      | You are sucked into a shaft and drop 1 floor!
  7560 | D:6      | Reached XP level 8. HP: 55/55 MP: 0/0
  8133 | D:6      | Reached skill level 7 in Spellcasting
  8829 | D:7      | Found a transporter.
  8829 | D:7      | Noticed Dittersdorf's ghost (amateur GrFi)
  8831 | D:7      | Noticed a moth of wrath
  8854 | D:7      | Reached skill level 1 in Polearms
  8874 | D:7      | Found a transporter.
  9506 | D:7      | Found a staircase to the Ecumenical Temple.
  9545 | D:7      | Found a burning altar of Makhleb.
  9573 | D:7      | Reached XP level 9. HP: 22/62 MP: 0/0
  9573 | D:7      | Learned a level 3 spell: Lesser Beckoning
  9880 | D:7      | Reached skill level 8 in Spellcasting
 10555 | D:8      | Noticed a two-headed ogre
 10632 | D:8      | Killed a two-headed ogre
 10633 | D:8      | Reached skill level 9 in Spellcasting
 10939 | D:8      | Found a snail-covered altar of Cheibriados.
 10997 | D:8      | Identified the ring of Utuet {+Fly Will+ SInv}
 11863 | D:9      | Found Plog's Armour Emporium.
 11871 | D:9      | Reached skill level 5 in Fighting
 11871 | D:9      | Reached XP level 10. HP: 45/70 MP: 0/0
 12242 | D:9      | Found a staircase to the Lair.
 12254 | D:9      | Reached skill level 10 in Spellcasting
 12682 | D:9      | Found a blossoming altar of Fedhas.
 12753 | D:9      | Bought a +1 pair of gloves for 172 gold pieces
 12753 | D:9      | Bought a +2 robe for 190 gold pieces
 13517 | D:10     | Entered Level 10 of the Dungeon
 13522 | D:10     | Noticed a two-headed ogre
 13849 | D:10     | Reached skill level 11 in Spellcasting
 14263 | D:10     | Reached XP level 11. HP: 61/76 MP: 0/0
 14263 | D:10     | Learned a level 5 spell: Bolt of Magma
 14393 | D:10     | Killed a two-headed ogre
 14839 | D:11     | Noticed a two-headed ogre
 14846 | D:11     | Killed a two-headed ogre
 15116 | D:11     | Noticed a deep elf pyromancer
 15123 | D:11     | Killed a deep elf pyromancer
 15128 | D:11     | Noticed a two-headed ogre
 15134 | D:11     | Killed a two-headed ogre
 15135 | D:11     | Reached skill level 12 in Spellcasting
 15422 | D:11     | Found a staircase to the Orcish Mines.
 15437 | D:11     | Slain by an orc warrior

Illustrated notes

Levels and vault maps discovered:
D:1:      psy_arrival_radial02, layout_basic
D:2:      layout_basic, nicolae_overflow_hidden_temple,
          minmay_overflow_temple_star_quad, serial_shops, shop,
          kennysheep_cross_room
D:3:      layout_loops_ring, grunt_temple_overflow_gold_and_silver,
          nicolae_overflow_crystal_walls, chequers_decorated_corner,
          kennysheep_generic_room_5
D:4:      layout_basic
D:5:      layout_basic, elyvilon_altar_5, serial_shops, shop_fountains,
          makhleb_heckhound_becter
D:6:      layout_loops_ring
D:7:      layout_loops_corners, old_standard_altar, temple_green,
          gammafunk_ghost_berserking_beasts
D:8:      layout_rooms, slow_altar_1
D:9:      layout_rooms, lair_entry_dummy, serial_shops, shop,
          fedhas_altar_decomposition
D:10:     layout_rooms
D:11:     layout_basic, david_orc_5

Skill      XL: |  1  2  3  4  5  6  7  8  9 10 11 |
---------------+----------------------------------+-----
Spellcasting   | 4 5 6 7 9 11 12 | 12.2
Fighting       | 1 2 4 5 6 |  6.8
Maces & Flails | 1 2 3 |  3.1
Stealth        | 2 3 |  3.7
Dodging        | 3 4 |  4.6
Polearms       | 1 3 |  3.9

Action                   |  1- 3 |  4- 6 |  7- 9 | 10-12 || total
-------------------------+-------+-------+-------+-------++-------
Melee: Dagger            |     6 |       |       |       ||     6
       Flail             |    55 |    50 |    53 |       ||   158
       Halberd           |       |       |    81 |    29 ||   110
 Cast: Freeze            |    35 |    24 |     3 |     3 ||    65
       Frozen Ramparts   |     2 |    13 |    36 |    11 ||    62
       Ozocubu's Armour  |       |     1 |     9 |     3 ||    13
       Hailstorm         |       |       |    18 |    53 ||    71
       Summon Ice Beast  |       |       |    32 |    38 ||    70
  Use: Scroll            |       |     2 |     6 |       ||     8
       Potion            |       |       |       |     1 ||     1
 Stab: Sleeping          |     7 |     2 |       |       ||     9
       Distracted        |       |       |     1 |     2 ||     3
Armor: Robe              |    18 |    15 |    12 |    24 ||    69
Dodge: Dodged            |    66 |    49 |   103 |    37 ||   255

Table legend: (Time is in decaauts)
 A = Elapsed time spent in this place.
 B = Non-inter-level travel time spent in this place.
 C = Inter-level travel time spent in this place.
 D = Time resting spent in this place.
 E = Time spent auto-exploring this place.
 F = Levels seen in this place.
 G = Mean time per level.
                   A        B        C        D        E       F      G
               +--------+--------+--------+--------+--------+-----+--------+
         Total |  15542 |  15029 |    513 |   1714 |  11623 |  11 | 1412.9 |
       Dungeon |  15542 |  15029 |    513 |   1714 |  11623 |  11 | 1412.9 |
               +--------+--------+--------+--------+--------+-----+--------+

Top non-repeatable levels by time:
     D:2: 2228 daAuts
     D:7: 1976 daAuts
     D:9: 1857 daAuts
     D:6: 1472 daAuts
     D:3: 1417 daAuts
     D:1: 1299 daAuts
     D:8: 1242 daAuts
     D:5: 1219 daAuts
     D:4: 1103 daAuts
    D:11: 956 daAuts
    D:10: 770 daAuts
